 Dungeon Crawl Stone Soup version 0.31-a0-221-gbddc013574 (webtiles) character file.

Game seed: 13978469229584801593

1129 garrulousMonolith the Digger (level 8, -21/47 HPs)
             Began as a Gargoyle Earth Elementalist on July 5, 2023.
             Demolished by a shadow (28 damage)
             ... on level 6 of the Dungeon.
             The game lasted 00:10:51 (5431 turns).

garrulousMonolith the Digger (GrEE)                 Turns: 5431, Time: 00:10:51

Health: -21/47     AC: 11    Str: 13    XL:     8   Next: 35%
Magic:  4/13       EV: 12    Int: 17    God:
Gold:   226        SH:  0    Dex: 10    Spells: 3/14 levels left

rFire   . . .        d - +1 dagger (speed)
rCold   . . .        (no shield)
rNeg    + . .        e - +0 leather armour
rPois   ∞            (no helmet)
rElec   +            (no cloak)
rCorr   .            (no gloves)
SInv    .            o - +1 pair of boots
Will    .....        (no amulet)
Stlth   ++           (no ring)
HPRegen 0.27/turn    (no ring)
MPRegen 0.13/turn

%: no passive effects
@: no status effects
A: sickness immunity, AC +5, negative energy resistance 1, electricity
resistance, torment resistance 1, petrification resistance
a: no special abilities


You were on level 6 of the Dungeon.
You visited 1 branch of the dungeon, and saw 6 of its levels.

You collected 226 gold pieces.

Inventory:

Hand Weapons
 d - a +1 dagger of speed (weapon)
Missiles
 a - a throwing net
Armour
 e - a +0 leather armour (worn)
 j - a +0 buckler
 o - a +1 pair of boots (worn)
Wands
 b - a wand of mindburst (10)
 r - a wand of flame (13)
Scrolls
 c - 5 scrolls of teleportation
 i - a scroll of fear {unknown}
 l - a scroll of brand weapon {unknown}
 m - a scroll of vulnerability {unknown}
 p - a scroll of noise {unknown}
 q - a scroll of immolation {unknown}
 s - a scroll of fog {unknown}
 t - a scroll of poison {unknown}
 u - a scroll of blinking {unknown}
Potions
 f - 2 potions of enlightenment
 g - a potion of haste
 h - a potion of mutation {unknown}
 k - 2 potions of invisibility
 n - 2 potions of lignification


   Skills:
 + Level 3.6 Fighting
 + Level 3.6 Armour
 - Level 3.0 Dodging
 - Level 2.1 Stealth
 * Level 0.0 Shields
 + Level 3.6 Spellcasting
 * Level 4.8 Conjurations
 - Level 1.0 Transmutations
 * Level 6.8 Earth Magic


You had 3 spell levels left.
You knew the following spells:

 Your Spells              Type           Power      Damage    Failure   Level
a - Sandblast             Erth           52%        2d12      1%          1
b - Stone Arrow           Conj/Erth      44%        3d9       5%          3
c - Passwall              Tmut/Erth      13%        N/A       6%          2
d - Lee's Rapid Deconstr  Erth           13%        3d9*      32%         5

Your spell library contained the following spells:

 Spells                   Type           Power      Damage    Failure   Level
 Ensorcelled Hibernation  Hex/Ice        6%         N/A       30%         2
 Swiftness                Air            3%         N/A       52%         3
 Volatile Blastmotes      Fire/Tloc      6%         2d10      52%         3
 Petrify                  Tmut/Erth      16%        N/A       38%         4
 Fulminant Prism          Conj/Hex       5%         3d7       58%         4
 Iskenderun's Mystic Bla  Conj/Tloc      11%        2d4       58%         4
 Summon Forest            Summ/Tloc      1%         N/A       99%         5
 Eringya's Noxious Bog    Tmut/Pois      2%         N/A       100%        6
 Summon Hydra             Summ           1%         N/A       100%        7


Dungeon Overview and Level Annotations

Branches:
Dungeon (6/15)             Temple (0/1) D:6

Altars:
Cheibriados
Hepliaklqana
Kikubaaqudgha
Nemelex Xobeh

Shops:
D:4 (   D:5 *

Annotations:
D:3 1 runed translucent door, knightboat's ghost, amateur NaHs


Innate Abilities, Weirdness & Mutations

You are immune to sickness and miasma.
Your stone body is resilient. (AC +5)
You are immune to poison.
You resist negative energy. (rN+)
You are resistant to electric shocks. (rElec)
You are resistant to unholy torment.
You are immune to petrification.


Message History

The shadow strikes at you from the darkness!
Ouch! That really hurt!
Reactivating autopickup.
The orc hits you but does no damage.
Casting: Sandblast (safe; 1% risk of failure)
Confirm with . or Enter, or press ? or * to list all spells.
Aiming: Sandblast (safe; 1% risk of failure)
Press: ? - help, Shift-Dir - straight line, f/p - orc
Aim: an orc, wielding a +0 trident and wearing a +0 plate armour (90% to hit)
The blast of sand hits the shadow.
The shadow is moderately damaged.
The shadow closely misses you.
The orc hits you from afar with a +0 trident.
The shadow hits you!
* * * LOW HITPOINT WARNING * * *
An orc comes into view. It is wielding a +0 falchion.
Okay, then.
Casting: Sandblast (safe; 1% risk of failure)
Confirm with . or Enter, or press ? or * to list all spells.
Aiming: Stone Arrow (dangerous; 5% risk of failure)
Press: ? - help, Shift-Dir - straight line The stone arrow hits the shadow!
The shadow is almost destroyed.
The orc shouts!
You hear a shout!
An ogre comes into view. It is wielding a +0 giant spiked club.
The shadow slips into darkness.
The shadow flickers and vanishes!
Deactivating autopickup; reactivate with Ctrl-A.
Casting: Stone Arrow (dangerous; 5% risk of failure)
Confirm with . or Enter, or press ? or * to list all spells.
Aiming: Stone Arrow (dangerous; 5% risk of failure)
Press: ? - help, Shift-Dir - straight line, f - orc
Aim: an orc, wielding a +0 trident and wearing a +0 plate armour (83% to hit)
The stone arrow hits the orc!
You kill the orc!
The ogre shouts!
An orc wizard comes into view. It is wielding a +0 dagger.
The shadow strikes at you from the darkness!
Ouch! That really hurt!
You die...

##+#### #>.....
#.##.## ###.###
#.#.#.## #.#
##..###.#####.#
##..## ##......#
#....###..######
##....#.#.#
####..##.##.#
#.{@.....##.#
#)##..#####.#
... #..# #.#
⌠.o#. #.... ..#
.....#. ##.###
### >... .. o#
... ## O# ..⌠ ..


You could see an ogre, an orc wizard and an orc.

Vanquished Creatures
  Sigmund (D:3)
  Menkaure (D:4)
  A black bear (D:4)
  An orc warrior (D:6)
  An ogre (D:5)
  2 centaurs (D:5)
  A hound (D:6)
  An orc priest (D:6)
  Terence (D:3)
  An iguana (D:4)
  4 orc wizards
  Robin (D:3)
  A gnoll (D:5)
  9 adders
  A shadow imp (D:6)
  An ufetubus (D:5)
  2 dart slugs
  18 orcs
  4 endoplasms
  4 giant cockroaches
  6 hobgoblins
  3 jackals
  5 kobolds
  A quokka (D:1)
  6 ball pythons
  3 bats
  14 goblins
  4 rats
98 creatures vanquished.

Notes
Turn   | Place    | Note
-------+----------+-------------------------------------------
     0 | D:1      | garrulousMonolith the Gargoyle Earth Elementalist began the
                  | quest for the Orb.
     0 | D:1      | Reached XP level 1. HP: 10/10 MP: 3/3
   168 | D:1      | Reached XP level 2. HP: 16/16 MP: 1/5
   246 | D:1      | You fall into a shaft and drop 1 floor!
   402 | D:1      | Reached skill level 4 in Earth Magic
   609 | D:1      | Learned a level 2 spell: Passwall
   670 | D:2      | Reached skill level 1 in Armour
   670 | D:2      | Reached skill level 1 in Transmutations
   670 | D:2      | Reached XP level 3. HP: 20/20 MP: 2/6
   674 | D:2      | Learned a level 3 spell: Stone Arrow
   878 | D:2      | Reached skill level 1 in Fighting
  1312 | D:3      | Noticed knightboat's ghost (amateur NaHs)
  1376 | D:3      | Noticed Sigmund
  1392 | D:3      | Killed Sigmund
  1393 | D:3      | Reached skill level 5 in Earth Magic
  1393 | D:3      | Reached XP level 4. HP: 7/26 MP: 0/8
  1393 | D:3      | Reached XP level 5. HP: 8/30 MP: 0/9
  1493 | D:3      | Found a runed translucent door.
  1541 | D:3      | Noticed Terence
  1608 | D:3      | Killed Terence
  1609 | D:3      | Reached XP level 6. HP: 14/35 MP: 1/10
  1879 | D:3      | Noticed Robin
  1898 | D:3      | Killed Robin
  1905 | D:3      | Found a snail-covered altar of Cheibriados.
  1909 | D:3      | Found a hazy altar of Hepliaklqana.
  2400 | D:4      | Found Inumoth's Antique Weapon Shoppe.
  2408 | D:4      | Noticed a black bear
  2467 | D:4      | Killed a black bear
  2768 | D:4      | Reached XP level 7. HP: 38/40 MP: 7/11
  3014 | D:4      | Found a sparkling altar of Nemelex Xobeh.
  3171 | D:4      | Noticed Menkaure
  3177 | D:4      | Killed Menkaure
  3506 | D:4      | Learned a level 5 spell: Lee's Rapid Deconstruction
  3534 | D:5      | Entered Level 5 of the Dungeon
  3723 | D:5      | Reached skill level 6 in Earth Magic
  3814 | D:5      | Found an ancient bone altar of Kikubaaqudgha.
  4225 | D:5      | Reached XP level 8. HP: 30/46 MP: 8/13
  4427 | D:5      | Found Hoankas's Assorted Antiques.
  5424 | D:6      | Found a staircase to the Ecumenical Temple.
  5424 | D:6      | Noticed a shadow
  5431 | D:6      | Demolished by a shadow

Illustrated notes

Levels and vault maps discovered:
D:1:      minmay_arrival_solitary_statue, layout_rooms
D:2:      layout_rooms
D:3:      layout_basic, chequers_temple_overflow_statue_of_worship,
          hellmonk_ghost_happy_afterlife, uniq_sigmund, uniq_terence, uniq_robin
D:4:      layout_loops_ring, lemuel_round_altar, serial_shops,
          nicolae_shop_tiny_waterfront, uniq_menkaure
D:5:      layout_basic, lemuel_coloured_pillars_altar, serial_shops, shop,
          kb_lookout_dungeons_type, wad_rectangle_vault
D:6:      layout_loops_corners, minmay_temple_entry_large_hall,
          kennysheep_crisscross

Skill      XL: |  1  2  3  4  5  6  7  8 |
---------------+-------------------------+-----
Earth Magic    | 4 5 6 |  6.8
Armour         | 1 2 3 |  3.6
Transmutations | 1 |  1.0
Fighting       | 1 2 3 |  3.6
Dodging        | 2 3 |  3.0
Conjurations   | 2 3 4 |  4.8
Spellcasting   | 3 |  3.6
Stealth        | |  2.1

Action                     |  1- 3 |  4- 6 |  7- 9 || total
---------------------------+-------+-------+-------++-------
  Melee: Unarmed           |     5 |       |       ||     5
         Short sword       |       |    46 |       ||    46
         Punch             |       |     1 |       ||     1
         Dagger            |       |       |    70 ||    70
   Cast: Sandblast         |    50 |    67 |    70 ||   187
         Stone Arrow       |       |       |    11 ||    11
  Evoke: Wand              |       |       |     2 ||     2
    Use: Scroll            |     1 |       |     4 ||     5
         Potion            |     1 |     3 |     2 ||     6
 Armour: Leather armour    |    13 |    60 |    66 ||   139
  Dodge: Dodged            |    34 |    80 |    60 ||   174

Table legend: (Time is in decaauts)
 A = Elapsed time spent in this place.
 B = Non-inter-level travel time spent in this place.
 C = Inter-level travel time spent in this place.
 D = Time resting spent in this place.
 E = Time spent auto-exploring this place.
 F = Levels seen in this place.
 G = Mean time per level.
                   A        B        C        D        E       F      G
               +--------+--------+--------+--------+--------+-----+--------+
         Total |   5481 |   5291 |    190 |    696 |   3619 |   6 |  913.5 |
       Dungeon |   5481 |   5291 |    190 |    696 |   3619 |   6 |  913.5 |
               +--------+--------+--------+--------+--------+-----+--------+

Top non-repeatable levels by time:
     D:4: 1390 daAuts
     D:5: 1207 daAuts
     D:3: 1098 daAuts
     D:2: 717 daAuts
     D:1: 607 daAuts
     D:6: 459 daAuts
